 Dungeon Crawl Stone Soup version 0.27.1-1-g398f81649c (console) character file.

Game seed: 3873950090957866393

170 Theed the Chopper (level 5, -3/48 HPs)
             Began as a Hill Orc Monk on Sept 17, 2021.
             Slain by a wyvern (7 damage)
             ... on level 4 of the Dungeon.
             The game lasted 00:08:52 (4013 turns).

Theed the Chopper (Hill Orc Monk)                   Turns: 4013, Time: 00:08:53

Health: -3/48      AC: 11    Str: 15    XL:     5   Next: 51%
Magic:  5/5        EV: 10    Int: 10    God:
Gold:   112        SH:  0    Dex: 13    Spells: 4/4 levels left

rFire    . . .     SeeInvis .   a - +1 hand axe
rCold    . . .     Faith    .   (no shield)
rNeg     . . .     Spirit   .   i - +0 scale mail
rPois    +         Reflect  .   b - +0 helmet
rElec    .         Harm     .   (no cloak)
rCorr    .         Rampage  .   (no gloves)
Will     .....                  n - +2 pair of boots
Stlth    ..........             (no amulet)
HPRegen  0.16/turn              h - ring of poison resistance
MPRegen  0.09/turn              (no ring)

@: no status effects
A: no striking features
a: no special abilities


You were on level 4 of the Dungeon.
You visited 1 branch of the dungeon, and saw 4 of its levels.

You collected 112 gold pieces.

Inventory:

Hand Weapons
 a - a +1 hand axe (weapon)
 k - a +0 trident
Missiles
 e - 119 stones (quivered)
Armour
 b - a +0 helmet (worn)
 c - a +0 chain mail
 i - a +0 scale mail (worn)
 n - a +2 pair of boots (worn)
Jewellery
 h - a ring of poison resistance (left hand)
Wands
 d - a wand of charming (10)
Scrolls
 l - 2 scrolls of enchant weapon
Potions
 j - a potion of attraction
 m - a potion of berserk rage {unknown}


   Skills:
 + Level 5.1 Fighting
 + Level 5.6 Axes
 + Level 3.0 Armour
 - Level 2.4 Dodging
 - Level 1.5 Stealth


You had 4 spell levels left.
You didn't know any spells.
Your spell library was empty.

Dungeon Overview and Level Annotations

Branches:
Dungeon (4/15)
 Temple: D:4-7

Altars:
Yredelemnul
Zin


Message History

Found 24 stones.
A kobold comes into view. It is wielding a +0 whip.
The kobold shouts!
A wyvern comes into view.
Found a stone staircase leading down.
The wyvern hisses angrily.
You hit the kobold.
The kobold is heavily wounded.
The kobold hits you but does no damage.
An adder comes into view.
The adder hisses angrily.
You hit the kobold.
You kill the kobold!
The wyvern bites you.
You hit the wyvern.
The wyvern is lightly wounded.
The wyvern bites you but does no damage.
You barely miss the wyvern.
The wyvern is lightly wounded.
The wyvern bites you. The wyvern bites you!
You hit the wyvern.
The wyvern is moderately wounded.
The wyvern closely misses you.
You hit the wyvern.
The wyvern is heavily wounded.
You hit the adder. The wyvern bites you! The adder barely misses you.
The wyvern bites you.
You are too injured to fight recklessly!
You are too injured to fight recklessly!
Okay, then.
Okay, then.
Unknown command.
The adder bites you but does no damage. The adder barely misses you.
The wyvern bites you.
* * * LOW HITPOINT WARNING * * *
The adder bites you but does no damage.
It was a potion of cancellation.
You feel magically purged. The wyvern bites you.
* * * LOW HITPOINT WARNING * * *
The adder bites you.
* * * LOW HITPOINT WARNING * * *
The wyvern bites you!
You die...

.........# #
#.......# # #.
#.......# #.#.
#.......# #....
#.......#
#..##..##.####
.###.....###....####
.......<## #..).....
..##.##.####........
.. ....>.#@.......
## ......Sl.......
#.##..##........ #.
##.##).###### #.
..#..# # .....# ....
##.... ..... #.##..


You could see a wyvern and an adder.

Vanquished Creatures
  An orc wizard (D:2)
  Robin (D:3)
  3 adders (D:2)
  A worm (D:2)
  2 dart slugs
  6 orcs
  9 ball pythons
  11 endoplasms
  4 giant cockroaches
  18 goblins
  10 hobgoblins
  2 quokkas (D:1)
  7 bats
  2 frilled lizards
  5 kobolds
  4 rats
86 creatures vanquished.

Vanquished Creatures (others)
  2 plants (D:2)
2 creatures vanquished.

Grand Total: 88 creatures vanquished

Notes
Turn   | Place    | Note
-------+----------+-------------------------------------------
     0 | D:1      | Theed the Hill Orc Monk began the quest for the Orb.
     0 | D:1      | Reached XP level 1. HP: 19/19 MP: 1/1
   382 | D:1      | Reached XP level 2. HP: 27/27 MP: 2/2
   417 | D:1      | Reached skill level 1 in Armour
   617 | D:1      | Found a faded altar of an unknown god.
  1135 | D:1      | Reached XP level 3. HP: 32/33 MP: 3/3
  1567 | D:2      | Found a basalt altar of Yredelemnul.
  1644 | D:2      | Reached skill level 5 in Axes
  1644 | D:2      | Reached XP level 4. HP: 24/41 MP: 4/4
  2983 | D:3      | Reached XP level 5. HP: 45/47 MP: 5/5
  3273 | D:3      | Found a glowing silver altar of Zin.
  3584 | D:3      | Reached skill level 5 in Fighting
  3863 | D:3      | Noticed Robin
  3874 | D:3      | Killed Robin
  4003 | D:4      | Noticed a wyvern
  4013 | D:4      | Slain by a wyvern

Illustrated notes

Levels and vault maps discovered:
D:1:      sevenhm_arrival_forest_fort_small_5, layout_basic,
          shapermc_ecumenical_altar_gd
D:2:      layout_basic, basic_altar, minmay_shallow_snake_nest
D:3:      minmay_bubble_buster, layout_basic, zin_statuary, uniq_robin
D:4:      layout_rooms

Skill      XL: |  1  2  3  4  5 |
---------------+----------------+-----
Armour         | 1 2 3 |  3.0
Fighting       | 4 5 |  5.1
Axes           | 5 |  5.6
Dodging        | |  2.4
Stealth        | |  1.5

Action                   |  1- 3 |  4- 6 || total
-------------------------+-------+-------++-------
Melee: Hand axe          |   134 |   177 ||   311
  Use: Scroll            |     3 |     3 ||     6
       Potion            |       |     1 ||     1
 Stab: Sleeping          |     1 |       ||     1
Armor: Robe              |    37 |       ||    37
       Scale mail        |       |    58 ||    58
       Ring mail         |       |    14 ||    14
Dodge: Dodged            |    96 |    90 ||   186
